 Dungeon Crawl Stone Soup version 0.28-a0-1339-ga5422284a4 (webtiles) character file.

Game seed: 8812243022533058984

3403 browni3141 the Carver (level 9, -5/96 (100) HPs)
             Began as a Palentonga Berserker on Dec 28, 2021.
             Was a Priest of Trog.
             Killed by divine providence
             ... invoked by an orc priest
              (14 damage)
             ... on level 9 of the Dungeon.
             The game lasted 00:08:10 (7378 turns).

browni3141 the Carver (Palentonga Berserker)        Turns: 7378, Time: 00:08:10

HP:   -5/96 (100)   AC: 14    Str: 25    XL:     9   Next: 75%
MP:   9/9           EV:  9    Int:  8    God:    Trog [***...]
Gold: 758           SH:  0    Dex:  9    Spells: 8/8 levels left

rFire   . . .      SeeInvis +   a - +0 falchion
rCold   . . .      Faith    +   (no shield)
rNeg    . . .      Spirit   .   F - +0 ring mail
rPois   .          Reflect  .   G - +0 helmet
rElec   .          Harm     .   (no cloak)
rCorr   +          Rampage  .   h - +0 pair of gloves
Will    +....                   (no barding)
Stlth   ..........              y - amulet of faith
HPRegen 0.26/turn               x - ring of resist corrosion
MPRegen 0.11/turn               w - ring of willpower

@: berserking, about to teleport, lightly drained, curled up, very quick
A: large, rugged brown scales 3, see invisible, deformed body, roll 1, armoured
tail, reflexive curl
a: Rolling Charge, Renounce Religion, Berserk, Trog's Hand


You were on level 9 of the Dungeon.
You worshipped Trog.
Trog was most pleased with you.
You visited 1 branch of the dungeon, and saw 9 of its levels.

You collected 758 gold pieces.

Inventory:

Hand Weapons
 a - a +0 falchion (weapon)
Missiles
 v - 4 poisoned darts
 A - 3 throwing nets
Armour
 b - a +0 animal skin
 h - a +0 pair of gloves (worn)
 F - a +0 ring mail (worn)
 G - a +0 helmet (worn)
Jewellery
 w - a ring of willpower (right hand)
 x - a ring of resist corrosion (left hand)
 y - an amulet of faith (around neck)
 D - a ring of willpower
Wands
 k - a wand of paralysis (7)
Scrolls
 c - 7 scrolls of teleportation
 d - a scroll of magic mapping
 j - 2 scrolls of amnesia
 l - 3 scrolls of fear {unknown}
 m - a scroll of vulnerability {unknown}
 n - a scroll of silence {unknown}
 o - a scroll of immolation {unknown}
 p - a scroll of enchant armour {unknown}
 s - a scroll of enchant weapon {unknown}
 t - 2 scrolls of fog {unknown}
 B - 3 scrolls of identify
Potions
 e - 5 potions of flight {unknown}
 f - 2 potions of heal wounds {unknown}
 g - a potion of lignification {unknown}
 i - 3 potions of curing {unknown}
 q - a potion of berserk rage {unknown}
 r - 2 potions of cancellation {unknown}
 u - 3 potions of mutation {unknown}
 z - 2 potions of degeneration {unknown}
 C - a potion of ambrosia {unknown}
 E - a potion of might {unknown}
 H - a potion of magic {unknown}


   Skills:
 - Level 3.0 Fighting
 * Level 13.0 Long Blades
 - Level 1.5 Armour
 - Level 1.5 Dodging
 - Level 5.0 Evocations


You had 8 spell levels left.
You didn't know any spells.
Your spell library contained the following spells:

 Spells                   Type           Power      Damage    Failure   Level
 Freeze                   Ice            0%         1d3       54%         1
 Frozen Ramparts          Ice            0%         1d2       89%         3
 Stone Arrow              Conj/Erth      0%         3d7       89%         3
 Hailstorm                Conj/Ice       0%         3d3       100%        4
 Sticky Flame             Conj/Fire      0%         2d3       100%        4
 Starburst                Conj/Fire      0%         6d3       100%        6
 Orb of Destruction       Conj           0%         N/A       100%        7


Dungeon Overview and Level Annotations

Branches:
Dungeon (9/15)             Temple (0/1) D:7
   Lair: D:8-11         Orc: D:9-12

Altars:
Hepliaklqana
Ru

Shops:
D:6 *


Innate Abilities, Weirdness & Mutations

You are completely covered in rugged brown scales. (AC +3, +7% HP)
You have supernaturally acute eyesight. (SInv)
Armour fits poorly on your strangely shaped body.
You can roll at nearby foes to attack.
You have a long armoured tail.
You curl defensively after being hit. (AC +7*)


Message History

The orc priest invokes the aid of Beogh against you.
Beogh smites you!
* * * LOW HITPOINT WARNING * * *
The goblin hits you with a +0 dagger.
* * * LOW HITPOINT WARNING * * *
The centaur shoots an arrow.
The arrow hits you.
* * * LOW HITPOINT WARNING * * *
The orc priest closely misses you.
Unknown command.
Unknown command.
Unknown command.
Unknown command.
Unknown command.
Okay, then.
A red film seems to cover your vision as you go berserk!
You feel yourself moving faster!
You feel mighty!
The orc wizard casts a spell.
The orc wizard flickers and vanishes for a moment.
The orc hits you but does no damage.
The centaur shoots an arrow.
The arrow hits you but does no damage. The orc hits you with a +0 hand axe.
* * * LOW HITPOINT WARNING * * *
The orc warrior hits you but does no damage.
The goblin hits you but does no damage. The orc priest barely misses you.
Unknown command.
You slash the orc priest!
You kill the orc priest!
Trog accepts your kill.
An orc comes into view. It is wielding a +0 falchion.
A wight comes into view. It is wielding a +0 scimitar.
Your Long Blades skill increases to level 13!
Unknown command.
Unknown command.
Unknown command.
Unknown command.
You slice the orc!!
You kill the orc!
Trog accepts your kill.
The orc priest invokes the aid of Beogh against you.
Beogh smites you!
You die...

... ..........#
.........##.........#
.........##.........#
......c.............#
....................#
..............<.....#
......o.......###+###
.....o.)......#
..oo.og@......#
o...oo.o##....#
z....oo.##....#
...##.........# ..
#.........# .
..........+
...........#
........+..##


You could see 2 orc warriors, a centaur, a wight, 2 orc priests, an orc wizard
(invisible), 6 orcs and a goblin.

Vanquished Creatures
  Pikel (D:3)
  Sigmund (D:3)
  4 yaks (D:8)
  A steam dragon (D:8)
  A water moccasin (D:7)
  2 orc warriors
  A necrophage (D:6)
  2 ogres
  A black bear (D:5)
  A centaur (D:8)
  A lemure (D:3)
  3 bullfrogs
  A scorpion (D:5)
  A wyvern skeleton (D:7)
  A water moccasin skeleton (D:5)
  3 killer bees (D:8)
  4 wights (D:8)
  A centaur zombie (D:4)
  4 orc priests
  2 jellies (D:6)
  A centaur skeleton (D:7)
  A bullfrog skeleton (D:7)
  2 gnoll shamans
  5 orc wizards
  A killer bee zombie (D:5)
  A howler monkey zombie (D:5)
  12 gnolls
  5 adders
  A white imp (D:5)
  An adder skeleton (D:4)
  A worm (D:2)
  2 dart slugs (D:4)
  20 orcs
  4 endoplasms
  A giant cockroach (D:3)
  7 goblins
  6 hobgoblins
  4 jackals (D:1)
  A quokka (D:3)
  7 ball pythons
  4 bats
  4 frilled lizards
  7 kobolds
  A rat (D:3)
135 creatures vanquished.

Notes
Turn   | Place    | Note
-------+----------+-------------------------------------------
     0 | D:1      | browni3141 the Palentonga Berserker began the quest for the
                  | Orb.
     0 | D:1      | Reached XP level 1. HP: 19/19 MP: 1/1
   302 | D:1      | Reached XP level 2. HP: 25/25 MP: 2/2
   388 | D:1      | Found a faded altar of an unknown god.
   962 | D:2      | Reached skill level 4 in Long Blades
   969 | D:2      | Reached XP level 3. HP: 31/31 MP: 3/3
  1067 | D:2      | You fall into a shaft and drop 2 floors!
  1067 | D:4      | Noticed Pikel
  1067 | D:4      | Noticed a lemure
  1067 | D:4      | Noticed a lemure
  1067 | D:4      | Noticed a lemure
  1068 | D:4      | Noticed a lemure
  1075 | D:4      | You fall into a shaft and drop 1 floor!
  1075 | D:5      | Entered Level 5 of the Dungeon
  1082 | D:5      | Noticed a black bear
  1083 | D:5      | Found a hazy altar of Hepliaklqana.
  1091 | D:5      | Killed a black bear
  1092 | D:5      | Reached skill level 5 in Long Blades
  1092 | D:5      | Reached skill level 1 in Evocations
  1092 | D:5      | Reached XP level 4. HP: 37/37 MP: 4/4
  1164 | D:5      | Reached XP level 5. HP: 43/43 MP: 5/5
  1942 | D:3      | Noticed Sigmund
  2024 | D:3      | Reached ** piety under Trog
  2098 | D:3      | Got the Catalogue of Attacks
  2169 | D:3      | Killed Sigmund
  2170 | D:3      | Reached skill level 6 in Long Blades
  2170 | D:3      | Reached XP level 6. HP: 50/50 MP: 6/6
  2672 | D:3      | Killed Pikel
  2673 | D:3      | Reached skill level 7 in Long Blades
  2673 | D:3      | Gained mutation: You curl defensively after being hit. (AC
                  | +7*) [Palentonga growth]
  2673 | D:3      | Reached XP level 7. HP: 53/55 MP: 7/7
  3142 | D:5      | Found a sacrificial altar of Ru.
  3150 | D:5      | Reached skill level 8 in Long Blades
  3296 | D:5      | Reached XP level 8. HP: 62/62 MP: 8/8
  3912 | D:6      | Found Kining's Assorted Antiques.
  4073 | D:6      | Reached skill level 9 in Long Blades
  4111 | D:6      | Reached skill level 5 in Evocations
  4527 | D:7      | Found a staircase to the Ecumenical Temple.
  4644 | D:7      | Reached skill level 10 in Long Blades
  5558 | D:8      | Reached XP level 9. HP: 67/67 MP: 9/9
  5638 | D:8      | Reached skill level 11 in Long Blades
  6162 | D:8      | Reached *** piety under Trog
  6631 | D:8      | Reached skill level 12 in Long Blades
  7378 | D:9      | Reached skill level 13 in Long Blades
  7378 | D:9      | Killed from afar by an orc priest

Illustrated notes

Levels and vault maps discovered:
D:1:      minmay_arrival_nine_rooms, layout_basic,
          shapermc_ecumenical_altar_starsandcircs
D:2:      layout_loops_ring
D:3:      layout_basic, minmay_strange_pillars, kennysheep_big_empty_room,
          uniq_sigmund
D:4:      layout_rooms, serial_glass, glass_columns_a, glass_columns_b,
          due_unseen_surprise, feat_on_display, item_on_display_a, uniq_pikel
D:5:      layout_basic, mainiacjoe_overflow_alcove_4,
          mainiacjoe_overflow_small_starburst, serial_rivers,
          chequers_serial_rivers_micro_b, chequers_serial_rivers_room_a,
          chequers_serial_rivers_large_a, chequers_serial_rivers_micro_c,
          chequers_serial_rivers_room_a, chequers_serial_rivers_small_a
D:6:      layout_loops_ring, serial_shops, nicolae_shop_statue_plus
D:7:      layout_cave_pods, minmay_temple_entry_grid
D:8:      minmay_goldmine, layout_gridville
D:9:      layout_roguey, minmay_lair_entry_grove, erik_orc_4

Skill      XL: |  1  2  3  4  5  6  7  8  9 |
---------------+----------------------------+-----
Long Blades    | 4 5 6 7 8 10 13 | 13.0
Evocations     | 1 2 4 5 |  5.0
Fighting       | |  3.0
Armour         | |  1.5
Dodging        | |  1.5

Action                   |  1- 3 |  4- 6 |  7- 9 || total
-------------------------+-------+-------+-------++-------
Melee: Falchion          |    50 |   119 |   250 ||   419
       Tailslap          |     2 |     5 |    36 ||    43
Invok: Berserk           |     3 |     7 |    12 ||    22
       Trog's Hand       |       |     1 |       ||     1
 Abil: Rolling Charge    |    10 |    21 |    34 ||    65
  Use: Scroll            |       |     3 |     1 ||     4
Armor: Animal skin       |    23 |    30 |    33 ||    86
       Ring mail         |       |       |    28 ||    28
Dodge: Dodged            |    14 |    41 |   100 ||   155

Table legend: (Time is in decaauts)
 A = Elapsed time spent in this place.
 B = Non-inter-level travel time spent in this place.
 C = Inter-level travel time spent in this place.
 D = Time resting spent in this place.
 E = Time spent auto-exploring this place.
 F = Levels seen in this place.
 G = Mean time per level.
                   A        B        C        D        E       F      G
               +--------+--------+--------+--------+--------+-----+--------+
         Total |   7532 |   7292 |    240 |   1324 |   5112 |   9 |  836.9 |
       Dungeon |   7532 |   7292 |    240 |   1324 |   5112 |   9 |  836.9 |
               +--------+--------+--------+--------+--------+-----+--------+

Top non-repeatable levels by time:
     D:8: 1906 daAuts
     D:7: 1052 daAuts
     D:3: 987 daAuts
     D:5: 899 daAuts
     D:1: 878 daAuts
     D:2: 670 daAuts
     D:6: 619 daAuts
     D:4: 505 daAuts
     D:9: 13 daAuts
